 Dungeon Crawl Stone Soup version 0.21-a0-474-g05767a10c8 (webtiles) character file.

28 Kaname the Stinger (level 3, 23/24 HPs)
             Began as a Demonspawn Venom Mage on Nov 22, 2017.
             Quit the game on level 2 of the Dungeon.
             The game lasted 00:02:33 (969 turns).

Kaname the Stinger (Demonspawn Venom Mage)           Turns: 969, Time: 00:02:34

Health: 23/24      AC:  4    Str:  8    XL:     3   Next: 0%
Magic:  6/6        EV: 12    Int: 17    God:
Gold:   59         SH:  0    Dex: 13    Spells: 3/6 levels left

rFire    . . .     SeeInvis .   k - +1 hand axe (elec)
rCold    . . .     Gourm    .   (no shield)
rNeg     . . .     Faith    .   a - +0 robe
rPois    .         Spirit   .   (no helmet)
rElec    .         Reflect  .   (no cloak)
rCorr    .         Harm     .   (no gloves)
MR       .....                  (no boots)
Stlth    ++........             (no amulet)
HPRegen  0.08/turn              (no ring)
MPRegen  0.10/turn              (no ring)

@: no status effects
A: yellow scales 1, rot immunity
a: no special abilities


You were on level 2 of the Dungeon.
You were hungry.

You visited 1 branch of the dungeon, and saw 2 of its levels.

You collected 59 gold pieces.

Inventory:

Hand Weapons
 k - a +1 hand axe of electrocution (weapon)
Missiles
 g - 2 throwing nets (quivered)
Armour
 a - a +0 robe (worn)
Scrolls
 h - a scroll of teleportation {unknown}
 i - a scroll of immolation {unknown}
 j - a scroll of remove curse {unknown}
Potions
 e - 3 potions of ambrosia {unknown}
 f - a potion of haste {unknown}
Books
 b - a Young Poisoner's Handbook

   Spells                             Type                      Level
   a - Sting                          Conjuration/Poison           1
   b - Poisonous Vapours              Poison/Air                   2
   c - Mephitic Cloud                 Conjuration/Poison/Air       3
   d - Olgreb's Toxic Radiance        Poison                       4
   e - Venom Bolt                     Conjuration/Poison           5
Comestibles
 c - a bread ration


   Skills:
 - Level 1.7 Dodging
 - Level 1.7 Stealth
 - Level 2.0 Spellcasting
 - Level 2.0 Conjurations
 + Level 3.7 Poison Magic


You had 3 spell levels left.
You knew the following spells:

 Your Spells              Type           Power        Failure   Level  Hunger
a - Sting                 Conj/Pois      ##..         6%          1    #......
b - Poisonous Vapours     Pois/Air       #.....       14%         2    ###....


Dungeon Overview and Level Annotations

Branches:
Dungeon (2/15)

Altars:

Annotations:
D:2 1 runed door


Innate Abilities, Weirdness & Mutations

You are partially covered in yellow scales. (AC +2)
You are immune to rotting.


Message History

Wield which item (- for none, * to show all)? (? for menu, Esc to quit)
You hear the crackle of electricity.
k - a +1 hand axe of electrocution (weapon)
Drop what? 11/52 slots (_ for help) (? for menu, Esc to quit)
You drop a +0 spear.
The bat is too close now for your liking.
There are monsters nearby!
The bat barely misses you.
You hit the bat. Lightning courses through the bat!
You kill the bat!
The helpless ball python fails to defend itself.
You hit the ball python.
Lightning courses through the ball python!
You kill the ball python!
You have reached level 3!
Your experience leads to an increase in your attributes!
Increase (S)trength, (I)ntelligence, or (D)exterity?
You feel clever.
Your demonic ancestry asserts itself...
Yellow scales grow over part of your body.
Are you sure you want to abandon this character and quit the game? (Confirm with "yes".)

#.# #...# #.
#)#######..## #.
#..).......# #.
##########.# ######.
#.# #...... #.#
#.####. #.# ##.####.
#.###.#########..^....
#....@...........####.
#####.#########.### #.
#.# #.....# #. ..#
##.#.#.###. ...
............ ####
###.#.#.##..
#.....##.. ###.......
######.#


There were no monsters in sight!

Vanquished Creatures
  A leopard gecko (D:1)
  2 ball pythons
  3 giant cockroaches
  2 hobgoblins
  4 jackals (D:1)
  2 bats
  5 frilled lizards
  2 goblins
  3 kobolds (D:1)
  2 rats
26 creatures vanquished.

Notes
Turn   | Place    | Note
-------+----------+-------------------------------------------
     0 | D:1      | Kaname the Demonspawn Venom Mage began the quest for the Orb.
     0 | D:1      | Reached XP level 1. HP: 13/13 MP: 3/3
   126 | D:1      | Gained mutation: You are immune to rotting. [demonic ancestry]
   126 | D:1      | Reached XP level 2. HP: 14/19 MP: 0/5
   350 | D:1      | Learned a level 2 spell: Poisonous Vapours
   768 | D:2      | Found a runed door.
   968 | D:2      | Gained mutation: You are partially covered in yellow scales. (AC +2) [demonic ancestry]
   968 | D:2      | Reached XP level 3. HP: 23/24 MP: 6/6
   969 | D:2      | Quit the game

Vault maps used:
D:1:      minmay_arrival_semitransparent
D:2:      brannock_xom_greatest_gift, uniq_crazy_yiuf_cottage

Skill      XL: |  1 |
---------------+----+-----
Conjurations   | 2 |  2.0
Dodging        | |  1.7
Stealth        | |  1.7
Spellcasting   | |  2.0
Poison Magic   | |  3.7

Action                   || total
-------------------------++-------
Melee: Spear             ||    56
       Hand axe          ||     2
 Cast: Sting             ||    23
 Stab: Sleeping          ||     1
Armor: Robe              ||    12
Dodge: Dodged            ||    30

Table legend:
 A = Spawn XP
 B = Non-spawn XP
 C = Spawn XP percentage of total XP
 D = Spawn monster count
 E = Non-spawn monster count
 F = Spawn count percentage of total count
 G = Total turns spent on level
                    A         B        C        D         E        F      G
               +---------+---------+-------+---------+---------+-------+---------
         Total |       0 |      41 |   0.0 |       0 |      26 |   0.0 |   969
               +---------+---------+-------+---------+---------+-------+---------
           D:1 |       0 |      28 |   0.0 |       0 |      17 |   0.0 |   732
           D:2 |       0 |      13 |   0.0 |       0 |       9 |   0.0 |   237
               +---------+---------+-------+---------+---------+-------+---------
